 Dungeon Crawl Stone Soup version 0.19.0-2-gae57169 (webtiles) character file.

92143 Gingerlord the Spry (level 15, -4/70 HPs)
             Began as a Spriggan Enchanter on Nov 6, 2016.
             Was the Champion of Dithmenos.
             Blown up by an orb spider (46 damage)
             ... with an orb of destruction
             ... on level 3 of the Spider Nest.
             The game lasted 01:52:41 (32046 turns).

Gingerlord the Spry (Spriggan Enchanter)           Turns: 32046, Time: 01:52:41

Health: -4/70      AC:  7    Str:  4    XL:     15   Next: 57%
Magic:  40/40      EV: 39    Int: 18    God:    Dithmenos [******]
Gold:   1599       SH:  0    Dex: 24    Spells: 7 memorised, 20 levels left

rFire  . . .     SeeInvis +     P - +9 quick blade
rCold  . . .     Gourm    .     V - +4 robe of Waddik {MR+}
rNeg   . . .     Faith    +     (shield restricted)
rPois  +         Spirit   .     (helmet restricted)
rElec  .         Reflect  .     q - +0 cloak {rPois}
rCorr  .         Harm     .     (gloves unavailable)
MR     +++..                    (boots unavailable)
Stlth  ++++++++++               D - amulet of faith
                                F - +3 ring of evasion
                                I - ring of magical power

@: wreathed by umbra, very quick
A: unfitting armour, see invisible, agile 1, herbivore 3, speed 3, frail 1, slow
metabolism 2, wild magic 1
a: Shadow Step, Shadow Form, Renounce Religion


You were on level 3 of the Spider Nest.
You worshipped Dithmenos.
Dithmenos was exalted by your worship.
You were not hungry.

You visited 5 branches of the dungeon, and saw 27 of its levels.
You also visited: Bailey.

You collected 2336 gold pieces.
You spent 737 gold pieces at shops.

Inventory:

Hand Weapons
 P - a +9 quick blade (weapon)
Armour
 m - the +1 robe of the Vaults {rCorr Int+2}
   (You found it on level 3 of the Lair of Beasts)

   It affects your intelligence (+2).
   It protects you from acid and corrosion.
 q - a +0 cloak of poison resistance (worn)
 V - the +4 robe of Waddik (worn) {MR+}
   (You acquired it on level 2 of the Spider Nest)

   It affects your resistance to hostile enchantments.
Jewellery
 n - an uncursed ring of flight
 D - an amulet of faith (around neck)
 E - an uncursed amulet of magic regeneration {unknown}
 F - a +3 ring of evasion (right hand)
 I - a ring of magical power (left hand)
 T - the ring "Qizxutie" {rPois Int+3}
   (You found it on level 2 of the Spider Nest)

   [ring of intelligence]

   It affects your intelligence (+3).
   It protects you from poison.
Wands
 j - a wand of teleportation (5/9)
 C - a wand of lightning (7/15)
 G - a wand of digging (2/24)
Scrolls
 f - a scroll of summoning
 g - a scroll of magic mapping
 r - 4 scrolls of recharging
 s - 3 scrolls of enchant weapon
 y - a scroll of amnesia
 z - 2 scrolls of teleportation
 B - 11 scrolls of remove curse
 H - a scroll of silence
 J - a scroll of torment
 S - 2 scrolls of identify
Potions
 a - 6 potions of lignification
 e - 4 potions of curing
 h - 4 potions of flight
 i - 2 potions of cancellation
 k - 4 potions of brilliance
 o - 3 potions of cure mutation
 p - a potion of magic {unknown}
 t - 4 potions of haste
 u - 3 potions of might
 w - 3 potions of agility
 x - a potion of ambrosia
 A - 3 potions of invisibility
 L - 2 potions of heal wounds
 M - 2 potions of resistance
Books
 b - a book of Frost

   Spells                             Type                      Level
   a - Freeze                         Ice                          1
   b - Throw Frost                    Conjuration/Ice              2
   c - Ozocubu's Armour               Charms/Ice                   3
   d - Throw Icicle                   Conjuration/Ice              4
   e - Summon Ice Beast               Ice/Summoning                4
 c - a book of Maledictions

   Spells                             Type                      Level
   a - Corona                         Hexes                        1
   b - Ensorcelled Hibernation        Hexes/Ice                    2
   c - Confuse                        Hexes                        3
   d - Tukima's Dance                 Hexes                        3
   e - Dazzling Spray                 Conjuration/Hexes            3
 v - a book of Minor Magic

   Spells                             Type                      Level
   a - Magic Dart                     Conjuration                  1
   b - Blink                          Translocation                2
   c - Call Imp                       Summoning                    2
   d - Repel Missiles                 Charms/Air                   2
   e - Slow                           Hexes                        2
   f - Conjure Flame                  Conjuration/Fire             3
   g - Mephitic Cloud                 Conjuration/Poison/Air       3
 O - the Incunabulum of Flight and Boosts
   (You found it on level 6 of the Lair of Beasts)

   Spells                             Type                      Level
   a - Infusion                       Charms                       1
   b - Ozocubu's Armour               Charms/Ice                   3
   c - Regeneration                   Charms/Necromancy            3
   d - Mephitic Cloud                 Conjuration/Poison/Air       3
   e - Tornado                        Air                          9
 Q - Yseaq's Compendium of Noxious Weightlessness
   (You found it in a bailey)

   Spells                             Type                      Level
   a - Spider Form                    Transmutation/Poison         3
   b - Olgreb's Toxic Radiance        Poison                       4
   c - Summon Lightning Spire         Summoning/Air                4
   d - Tornado                        Air                          9
Miscellaneous
 N - a fan of gales
Comestibles
 d - 12 bread rations
 l - 17 fruits
 R - a slice of pizza


   Skills:
 + Level 8.5 Fighting
 - Level 8.9 Short Blades
 - Level 3.9 Armour
 + Level 18.0 Dodging
 - Level 17.6 Stealth
 + Level 11.9 Spellcasting
 + Level 12.3 Hexes
 - Level 5.1 Charms
 - Level 4.1 Translocations
 - Level 9.2 Invocations


You had 20 spell levels left.
You knew the following spells:

 Your Spells              Type           Power        Failure   Level  Hunger
a - Regeneration          Chrm/Necr      ####......   14%         3    None
b - Ensorcelled Hibernat  Hex/Ice        #####.       1%          2    None
c - Confuse               Hex            ######..     1%          3    None
d - Dazzling Spray        Conj/Hex       #####.       2%          3    None
e - Blink                 Tloc           N/A          3%          2    None
f - Apportation           Tloc           ####......   2%          1    None
g - Ozocubu's Armour      Chrm/Ice       ####....     14%         3    None


Dungeon Overview and Level Annotations

Branches:
Dungeon (15/15)            Temple (1/1) D:4            Lair (6/6) D:11
 Shoals (0/4) Lair:4       Spider (3/4) Lair:4        Slime (0/5) Lair:6
    Orc (2/2) D:9             Elf (0/3) Orc:2
 Vaults: D:13-14     Depths: D:15

Altars:
Ashenzari
Cheibriados
Dithmenos
Elyvilon
Fedhas
Hepliaklqana
Kikubaaqudgha
Makhleb
Nemelex Xobeh
Qazlal
Sif Muna
Trog
Uskayaw
Vehumet
Xom
Yredelemnul
Zin
The Shining One

Shops:
D:9 (   Orc:2 *}(

Annotations:
D:3 Grinder
D:4 Menkaure
D:15 Josephine
Lair:4 exclusion: oklob plant


Innate Abilities, Weirdness & Mutations

You are very small and have problems with some larger weapons.
You are too small for most types of armour.
You have supernaturally acute eyesight. (SInv)
You are a herbivore.
You cover ground extremely quickly.
You need consume almost no food.
You are agile. (Dex +2)
You are frail. (-10% HP)
Your spells are a little harder to cast, but a little more powerful.


Message History

You hit the orb spider.
The orb spider is heavily wounded.
You hit the orb spider.
The orb spider is heavily wounded.
The jumping spider leaps!
You puncture the orb spider!
The orb spider is severely wounded.
You hit the orb spider.
The orb spider is severely wounded.
The jumping spider leaps!
A jumping spider and 3 redbacks come into view.
The orb of destruction hits the orb spider.
The orb spider is blown up!
Your Dodging skill increases to level 18!
The jumping spider leaps!
The jumping spider leaps!
The jumping spider leaps!
The orb of destruction hits you!
Ouch! That really hurt!
You die...

##......*§§.†.....<(..
##.....................
#<....†.../.......^....
#..............#^...>..
##≈.......).............
###.....%..........§#.....
#≈....^.......§....§......
##≈#...............§...^..
#....%..@.....§§..§......
#.......§..^§§§§§.§....
##.......§§§.§§§§§.....
#.^..$..s§§§§.§.......
≈...........§§§§......
#≈#......?..§§s§§......
##..$.......§§§...≈≈...
#.#....#....#≈...≈≈...
###.....^>...#s≈≈≈≈≈≈≈


You could see a demonic crawler and a redback.

Vanquished Creatures
  An orc warlord (Bailey)
  Louise (Spider:2)
  A stone giant (Orc:2)
  Azrael (D:12)
  Snorg (D:10)
  Fannar (Orc:1)
  10 hydras
  Erica (Orc:1)
  6 centaur warriors
  4 orc high priests (Orc:2)
  The ghost of AngelaSmythe the Cleaver, a novice DsBe of Trog (Lair:1)
  An unseen horror (D:11)
  The ghost of xnavy the Basher, a novice GrGl of Kikubaaqudgha (Bailey)
  A wizard (Lair:6)
  7 hill giants
  8 wolf spiders
  3 orb spiders
  19 ugly things
  5 orc knights
  2 orc sorcerers (Orc:2)
  4 cyclopes
  A deep elf mage (D:15)
  9 elephants
  A manticore (D:14)
  Joseph (D:7)
  8 black mambas
  3 centaur zombies
  A gargoyle (D:13)
  9 spiny frogs
  A torpor snail (Lair:2)
  A kobold demonologist (D:13)
  4 rime drakes
  A centaur skeleton (D:14)
  2 efreet (D:15)
  4 komodo dragons
  3 demonic crawlers
  16 trolls
  A polar bear (Lair:6)
  3 meliai (D:15)
  12 jumping spiders
  3 two-headed ogres
  A hornet (D:11)
  3 blink frogs (Lair:1)
  12 slime creatures
  A dream sheep (Lair:6)
  8 hippogriffs
  Sigmund (D:5)
  A spriggan (D:7)
  A shadow (D:14)
  A wraith (D:14)
  Eustachio (D:4)
  12 redbacks
  5 wyverns
  A vampire (D:15)
  3 tarantellas (Spider:2)
  3 basilisks
  2 fire elementals (D:12)
  A hog (shapeshifter) (D:15)
  32 yaks
  4 hungry ghosts
  3 vampire mosquitoes (D:15)
  2 mottled dragons
  5 wargs
  A soldier ant (D:10)
  7 porcupines
  Duvessa (D:5)
  16 water moccasins
  A black bear (D:7)
  2 hell hounds (D:12)
  24 orc warriors
  4 ice beasts
  2 sky beasts (D:7)
  5 necrophages (Lair:5)
  8 wolves
  4 eyes of draining
  6 ogres
  15 centaurs
  2 phantoms
  5 big kobolds
  12 crocodiles
  2 gnoll sergeants
  15 bullfrogs
  Dowan (D:5)
  A wyvern skeleton (D:6)
  A scorpion (D:8)
  A water moccasin skeleton (D:5)
  2 killer bees
  3 wights (D:15)
  7 howler monkeys
  4 crimson imps
  2 bullfrog zombies
  2 quasits
  5 hounds
  Crazy Yiuf (D:5)
  23 orc priests
  3 bullfrog skeletons
  2 jellies
  21 orc wizards
  4 iguanas
  Natasha (thrice) (D:2)
  5 worker ants
  A hound skeleton (D:4)
  A howler monkey zombie (D:9)
  A worker ant zombie (D:6)
  A howler monkey skeleton (D:6)
  7 gnolls
  11 adders
  2 shadow imps
  An ooze (D:2)
  An adder zombie (D:6)
  2 worms (D:6)
  An adder skeleton (D:9)
  7 leopard geckos
  68 orcs
  2 ball pythons
  12 bats
  3 giant cockroaches
  18 goblins
  10 hobgoblins
  17 jackals
  28 kobolds
  9 quokkas
  5 frilled lizards
  A leopard gecko skeleton (D:8)
  A quokka skeleton (D:5)
  14 rats
  A fungus (D:11)
714 creatures vanquished.

Vanquished Creatures (others)
  2 orb spiders (Spider:3)
  An orc (D:12)
  A frilled lizard (D:2)
  A kobold (D:2)
  3 fungi
8 creatures vanquished.

Grand Total: 722 creatures vanquished

Notes
Turn   | Place    | Note
-------+----------+-------------------------------------------
     0 | D:1      | Gingerlord the Spriggan Enchanter began the quest for the Orb.
     0 | D:1      | Reached XP level 1. HP: 9/9 MP: 5/5
   416 | D:1      | Reached XP level 2. HP: 13/14 MP: 6/6
   619 | D:1      | Learned a level 2 spell: Ensorcelled Hibernation
   882 | D:2      | Found a bloodstained altar of Trog.
   884 | D:2      | Found a hide-covered altar of Uskayaw.
  1039 | D:2      | Noticed Natasha
  1045 | D:2      | Killed Natasha
  1045 | D:2      | Reached skill level 1 in Fighting
  1045 | D:2      | Reached XP level 3. HP: 18/18 MP: 5/8
  1102 | D:2      | Noticed Natasha
  1111 | D:2      | Killed Natasha
  1111 | D:2      | Reached skill level 5 in Stealth
  1111 | D:2      | Reached XP level 4. HP: 12/22 MP: 2/9
  1747 | D:2      | Found a stormy altar of Qazlal.
  1775 | D:2      | Noticed Natasha
  2100 | D:2      | Learned a level 3 spell: Confuse
  2390 | D:2      | Found a shimmering altar of Xom.
  2482 | D:2      | Killed Natasha
  2482 | D:2      | Reached skill level 4 in Dodging
  2482 | D:2      | Reached XP level 5. HP: 25/25 MP: 7/10
  2511 | D:3      | Noticed Grinder
  2616 | D:3      | Paralysed by Grinder for 6 turns
  3260 | D:3      | Paralysed by Grinder for 6 turns
  3579 | D:3      | Found a radiant altar of Vehumet.
  3960 | D:4      | Reached XP level 6. HP: 20/30 MP: 12/12
  4105 | D:4      | Noticed Eustachio
  4363 | D:4      | Killed Eustachio
  4434 | D:4      | Found a staircase to the Ecumenical Temple.
  4444 | Temple   | Entered the Ecumenical Temple
  4573 | Temple   | Became a worshipper of Dithmenos the Shadowed
  4654 | D:4      | Noticed Menkaure
  5060 | D:4      | Reached skill level 5 in Dodging
  5060 | D:4      | Reached skill level 5 in Hexes
  5060 | D:4      | Reached XP level 7. HP: 19/35 MP: 9/14
  5527 | D:5      | Entered Level 5 of the Dungeon
  5527 | D:5      | Noticed Duvessa
  5528 | D:5      | Noticed Dowan
  5652 | D:5      | Killed Duvessa
  5659 | D:5      | Killed Dowan
  6197 | D:5      | Found a snail-covered altar of Cheibriados.
  6662 | D:5      | Learned a level 3 spell: Dazzling Spray
  6667 | D:5      | Noticed Sigmund
  6676 | D:5      | Killed Sigmund
  6676 | D:5      | Reached skill level 6 in Dodging
  6676 | D:5      | Reached XP level 8. HP: 40/40 MP: 11/16
  6858 | D:5      | Found a runed door.
  6917 | D:5      | Noticed Crazy Yiuf
  6921 | D:5      | Killed Crazy Yiuf
  7264 | D:6      | Learned a level 2 spell: Blink
  7377 | D:6      | Found a glowing golden altar of the Shining One.
  7588 | D:6      | Reached skill level 5 in Short Blades
  7588 | D:6      | Reached skill level 7 in Dodging
  8011 | D:6      | Found a hazy altar of Hepliaklqana.
  8026 | D:6      | Reached * piety under Dithmenos
  8577 | D:7      | Noticed Joseph
  8582 | D:7      | Killed Joseph
  8582 | D:7      | Reached skill level 8 in Dodging
  8582 | D:7      | Reached XP level 9. HP: 36/45 MP: 10/17
  9164 | D:7      | Learned a level 1 spell: Apportation
  9338 | D:7      | Reached skill level 10 in Stealth
  9368 | D:7      | Reached skill level 9 in Dodging
  9754 | D:7      | Reached skill level 5 in Fighting
 10432 | D:9      | Gained mutation: Your spells are a little harder to cast, but a little more powerful. [potion of beneficial mutation]
 10433 | D:9      | Gained mutation: You are agile. (Dex +2) [potion of beneficial mutation]
 10481 | D:9      | Reached skill level 5 in Spellcasting
 10481 | D:9      | Reached skill level 1 in Translocations
 10526 | D:9      | Reached skill level 10 in Dodging
 10656 | D:9      | Found Niorph's Weapon Shoppe.
 10713 | D:9      | Reached ** piety under Dithmenos
 10713 | D:9      | Reached XP level 10. HP: 51/51 MP: 14/19
 10892 | D:9      | Found a staircase to the Orcish Mines.
 11235 | D:10     | Entered Level 10 of the Dungeon
 11324 | D:10     | Noticed Snorg
 11330 | D:10     | Killed Snorg
 11399 | D:10     | Reached *** piety under Dithmenos
 11514 | D:10     | Reached skill level 11 in Dodging
 12059 | D:11     | Found a staircase to the Lair.
 12195 | D:11     | Noticed an unseen horror
 12267 | D:11     | Killed an unseen horror
 12267 | D:11     | Reached skill level 1 in Invocations
 12496 | D:11     | Reached XP level 11. HP: 50/55 MP: 23/23
 12762 | D:11     | Noticed a purple ugly thing
 13115 | D:11     | Killed a purple ugly thing
 13436 | Lair:1   | Entered Level 1 of the Lair of Beasts
 13468 | Lair:1   | Noticed AngelaSmythe's ghost (novice DsBe)
 13509 | Lair:1   | Killed AngelaSmythe's ghost
 13767 | Lair:1   | Reached skill level 12 in Dodging
 13835 | Lair:1   | Reached **** piety under Dithmenos
 14128 | Lair:1   | Noticed a seven-headed hydra
 14140 | Lair:1   | Killed a seven-headed hydra
 15574 | Lair:2   | Reached skill level 13 in Dodging
 15574 | Lair:2   | Reached skill level 5 in Invocations
 15603 | Lair:2   | Reached skill level 10 in Hexes
 15603 | Lair:2   | Reached XP level 12. HP: 59/60 MP: 26/26
 15747 | Lair:2   | Noticed a four-headed hydra
 15758 | Lair:2   | Killed a four-headed hydra
 16455 | Lair:3   | Noticed a six-headed hydra
 16582 | Lair:3   | Killed a six-headed hydra
 16860 | Lair:3   | Noticed a six-headed hydra
 16867 | Lair:3   | Killed a six-headed hydra
 16873 | Lair:3   | Got a shimmering robe
 16884 | Lair:3   | Identified the +1 robe of the Vaults {rCorr Int+2} (You found it on level 3 of the Lair of Beasts)
 17047 | Lair:3   | Reached skill level 10 in Spellcasting
 17320 | Lair:4   | Found a shattered altar of Ashenzari.
 17611 | Lair:4   | Reached ***** piety under Dithmenos
 17725 | Lair:4   | Found a hole to the Spider Nest.
 17752 | Lair:4   | Found a staircase to the Shoals.
 17983 | Lair:5   | Reached skill level 14 in Dodging
 17983 | Lair:5   | Reached skill level 15 in Stealth
 18375 | Lair:5   | Reached XP level 13. HP: 63/63 MP: 28/28
 19206 | Lair:6   | Entered Level 6 of the Lair of Beasts
 19347 | Lair:6   | Found a burning altar of Makhleb.
 19753 | Lair:6   | Identified the Incunabulum of Flight and Boosts
 19759 | Lair:6   | Learned a level 3 spell: Regeneration
 19763 | Lair:6   | Learned a level 3 spell: Ozocubu's Armour
 19816 | Lair:6   | Found a staircase to the Slime Pits.
 19843 | Lair:6   | Reached skill level 1 in Charms
 20688 | D:11     | Reached skill level 15 in Dodging
 20814 | D:12     | Noticed Azrael
 20817 | D:12     | Killed Azrael
 20842 | D:12     | Reached ****** piety under Dithmenos
 22191 | D:13     | Reached XP level 14. HP: 53/69 MP: 30/30
 23278 | D:14     | Found a shimmering altar of Xom.
 24499 | Orc:1    | Entered Level 1 of the Orcish Mines
 24535 | Orc:1    | Found a flagged portal.
 24544 | Bailey   | Entered a bailey
 24549 | Bailey   | Noticed an orc warlord
 24590 | Bailey   | Noticed xnavy's ghost (novice GrGl)
 24592 | Bailey   | Reached skill level 5 in Charms
 24594 | Bailey   | Found a runed gate.
 24600 | Bailey   | Killed xnavy's ghost
 24600 | Bailey   | Reached skill level 16 in Dodging
 24623 | Bailey   | Found a runed gate.
 24624 | Bailey   | Found a runed gate.
 24763 | Bailey   | Killed an orc warlord
 24800 | Bailey   | Identified Yseaq's Compendium of Noxious Weightlessness
 24811 | Bailey   | Identified 2 scrolls of acquirement
 24905 | Orc:1    | Noticed Fannar
 24935 | Orc:1    | Killed Fannar
 25066 | Orc:1    | Noticed Erica
 25073 | Orc:1    | Killed Erica
 25408 | Orc:2    | Entered Level 2 of the Orcish Mines
 25408 | Orc:2    | Found a staircase to the Elven Halls.
 25606 | Orc:2    | Found Ewod's General Store.
 25607 | Orc:2    | Found Erchemiti's Weapon Emporium.
 25607 | Orc:2    | Found Tatitsy's Gadget Emporium.
 25609 | Orc:2    | Found Ranguskahac's Antique Armour Shoppe.
 25747 | Orc:2    | Gained mutation: You are frail. (-10% HP) [a neqoxec]
 25761 | Orc:2    | Noticed a stone giant
 25980 | Orc:2    | Killed a stone giant
 27067 | Orc:2    | Bought a wand of teleportation (5/9) for 297 gold pieces
 27067 | Orc:2    | Bought a fan of gales for 440 gold pieces
 27932 | D:15     | Entered Level 15 of the Dungeon
 27969 | D:15     | Reached skill level 1 in Armour
 27969 | D:15     | Reached skill level 17 in Dodging
 28093 | D:15     | Noticed Josephine
 28315 | D:15     | Reached XP level 15. HP: 45/67 MP: 30/31
 30397 | D:15     | Found a glowing silver altar of Zin.
 30617 | Spider:1 | Entered Level 1 of the Spider Nest
 31113 | Spider:2 | Got a shimmering platinum ring
 31181 | Spider:2 | Noticed Louise
 31191 | Spider:2 | Killed Louise
 31265 | Spider:2 | Got a distressingly furry robe
 31276 | Spider:2 | Identified the +4 robe of Waddik {MR+} (You acquired it on level 2 of the Spider Nest)
 31574 | Spider:2 | Identified the ring "Qizxutie" {rPois Int+3} (You found it on level 2 of the Spider Nest)
 32040 | Spider:3 | Reached skill level 18 in Dodging
 32046 | Spider:3 | Blown up by an orb spider

Skill      XL: |  1  2  3  4  5  6  7  8  9 10 11 12 13 14 15 |
---------------+----------------------------------------------+-----
Fighting       | 1 2 3 4 5 7 8 |  8.5
Stealth        | 5 6 7 9 11 12 13 15 16 17 | 17.6
Hexes          | 4 5 6 8 10 11 12 | 12.3
Short Blades   | 2 3 4 5 6 7 8 |  8.9
Spellcasting   | 3 4 5 7 9 10 11 | 11.9
Dodging        | 4 5 6 8 10 11 13 14 15 17 18 | 18.0
Translocations | 2 4 |  4.1
Invocations    | 2 5 7 8 9 |  9.2
Charms         | 3 5 |  5.1
Armour         | 2 3 |  3.9

Action                   |  1- 3 |  4- 6 |  7- 9 | 10-12 | 13-15 || total
-------------------------+-------+-------+-------+-------+-------++-------
Melee: Dagger            |    86 |   210 |   441 |   629 |   706 ||  2072
       Short sword       |       |   107 |    27 |       |       ||   134
       Quick blade       |       |       |       |       |   734 ||   734
 Cast: Ensorcelled Hiber |     7 |    19 |    59 |    68 |   146 ||   299
       Confuse           |       |       |     4 |    20 |    82 ||   106
       Dazzling Spray    |       |       |       |       |    22 ||    22
       Blink             |       |       |       |       |     1 ||     1
       Regeneration      |       |       |       |       |     1 ||     1
Invok: Shadow Step       |       |       |       |       |     4 ||     4
       Shadow Form       |       |       |       |       |     1 ||     1
Evoke: Wand              |       |       |       |       |     2 ||     2
  Use: Potion            |     1 |       |     2 |       |     5 ||     8
       Scroll            |       |     5 |     9 |    12 |    23 ||    49
 Stab: Sleeping          |     6 |    17 |    32 |    99 |   197 ||   351
       Distracted        |       |     1 |     1 |     1 |    12 ||    15
       Confused          |       |       |     1 |    17 |    79 ||    97
       Invisible         |       |       |       |       |    16 ||    16
  Eat: Bread ration      |       |     1 |       |     1 |     2 ||     4
       Pizza             |       |       |     1 |     1 |     2 ||     4
       Fruit             |       |       |     3 |       |     2 ||     5
       Royal jelly       |       |       |       |       |     1 ||     1
Armor: Robe              |     9 |    37 |    24 |    23 |    14 ||   107
Dodge: Dodged            |    66 |   333 |   348 |   588 |  1049 ||  2384
